Map: [ESL] Hardwire

Players

Ryung

  • Race: Terran Terran

Creator - Winner!

  • Race: Protoss Protoss

Event: IEM Katowice 2022

VOD

Have the link to the VOD?

Description

Time

  • Played on: Feb. 23, 2022, 10:30 a.m.
  • Length: 32:41

All games in this series

Show
View Real Time Build Order
Export as new Build Order

Ryung Terran 

Build Orders:  

Get SALT Encoding   

  12  0:00  SCV  
  13  0:12  SCV  
  14  0:17  Supply Depot  
  14  0:24  SCV  
  15  0:38  SCV  
  15  0:40  Barracks  
  16  0:45  Refinery  
  16  0:50  SCV  
  17  1:02  SCV  
  18  1:11  Engineering Bay  
  18  1:15  SCV  
  19  1:26  Marine  
  19  1:27  Orbital Command  
  20  1:44  Barracks Reactor  
  20  1:53  SCV  
  21  1:58  Command Center  
  21  2:02  Supply Depot  
  21  2:05  SCV  
  22  2:13  Factory  
  22  2:17  SCV  
  23  2:23  Marine x2  
  23  2:29  SCV  
  26  2:36  Barracks  
  26  2:41  SCV, Marine x2  
  29  2:53  SCV  
  29  2:57  Factory Tech Lab  
  29  3:04  Marine  
  29  3:05  Marine  
  31  3:09  SCV  
  31  3:10  Orbital Command  
  32  3:15  Refinery  
  32  3:16  Cyclone  
  35  3:21  SCV  
  35  3:23  Barracks Tech Lab  
  35  3:26  Marine x2  
  38  3:34  Orbital Command  
  38  3:39  Barracks  
  38  3:41  SCV  
  38  3:43  Stimpack  
  38  3:50  Supply Depot  
  38  3:53  SCV  
  38  4:01  SCV  
  39  4:04  Marine x3  
  39  4:05  SCV  
  39  4:09  Engineering Bay  
  43  4:13  SCV  
  44  4:17  Supply Depot, SCV  
  44  4:21  Marine  
  44  4:22  Marine  
  47  4:25  SCV  
  47  4:29  SCV  
  49  4:36  Terran Infantry Weapons Level 1  
  49  4:37  SCV, Combat Shield  
  49  4:38  Bunker  
  50  4:40  Marauder  
  50  4:41  SCV, Marine  
  50  4:44  Marauder  
  56  4:49  SCV  
  57  4:53  SCV  
  57  4:55  Factory Reactor  
  57  4:56  Starport  
  58  5:01  SCV  
  58  5:05  SCV  
  60  5:08  Refinery  
  60  5:10  Supply Depot x2  
  60  5:14  SCV  
  61  5:18  SCV  
  62  5:27  Concussive Shells  
  62  5:31  Marine x2  
  62  5:32  SCV x2, Marauder x2  
  62  5:33  Supply Depot  
  67  5:45  SCV  
  67  5:46  SCV  
  67  5:49  Marine x2  
  69  5:53  Viking, Marauder x2  
  73  5:58  SCV x2  
  73  6:02  Viking  
  73  6:04  Factory Tech Lab  
  74  6:13  Marine x2  
  74  6:15  Marauder x2  
  74  6:16  SCV x2  
  79  6:23  Siege Tank  
  81  6:27  Refinery  
  81  6:30  SCV x2  
  83  6:34  Medivac  
  84  6:40  Medivac  
  79  6:55  Marine x2, Marauder x2  
  79  6:56  SCV  
  79  6:58  Supply Depot  
  79  7:00  Supply Depot  
  86  7:02  SCV, Siege Tank  
  90  7:08  Terran Infantry Armor Level 1  
  90  7:18  Command Center  
  90  7:24  Medivac  
  90  7:27  SCV x2  
  90  7:28  Medivac  
  90  7:29  Marine x2  
  98  7:33  Marauder x2  
  102  7:38  Supply Depot  
  102  7:39  SCV  
  102  7:40  Supply Depot  
  103  7:45  Siege Tank  
  103  7:48  Marine x2  
  108  8:02  Barracks  
  108  8:03  Viking x2  
  108  8:05  Barracks, Marauder x2  
  111  8:07  SCV x2  
  111  8:10  Supply Depot  
  113  8:14  Supply Depot  
  113  8:21  Marine  
  113  8:22  Marine  
  113  8:25  Siege Tank  
  122  8:27  Marauder x2  
  122  8:32  Orbital Command  
  122  8:33  SCV x2  
  124  8:38  Ghost Academy  
  124  8:39  Viking  
  126  8:41  Viking  
  128  8:50  SCV  
  128  8:51  SCV, Orbital Command  
  128  8:53  Barracks Reactor, Barracks Tech Lab  
  130  8:59  Armory  
  130  9:03  SCV x2  
  132  9:13  Ghost  
  132  9:15  SCV x2  
  132  9:16  Ghost, Refinery x2  
  136  9:18  SCV  
  136  9:21  Marine x2  
  136  9:23  Missile Turret  
  134  9:27  SCV x2  
  134  9:29  Missile Turret  
  136  9:37  SCV  
  137  9:39  Supply Depot, SCV x2  
  137  9:41  Ghost  
  141  9:49  SCV  
  141  9:51  SCV  
  141  9:52  SCV  
  139  10:01  Ghost x2, Marine x2  
  139  10:02  Marine x2  
  139  10:06  SCV  
  137  10:08  SCV  
  137  10:10  Marauder  
  137  10:12  Medivac, Sensor Tower  
  140  10:16  Medivac  
  140  10:19  Marine  
  143  10:25  Terran Infantry Weapons Level 2  
  143  10:27  Marine  
  143  10:28  Marine x2  
  146  10:30  Marauder  
  146  10:33  Supply Depot  
  146  10:34  Supply Depot  
  148  10:36  Marauder x2  
  152  10:47  Missile Turret  
  152  10:49  Terran Ship Weapons Level 1  
  151  10:51  Engineering Bay, Command Center  
  151  10:52  Marauder  
  153  10:57  Marauder  
  153  11:00  Enhanced Shockwaves  
  155  11:06  Bunker, Marine x3  
  155  11:07  Marauder, Marine  
  155  11:09  SCV x3  
  164  11:12  Viking x2  
  167  11:22  Terran Infantry Armor Level 2  
  167  11:23  Missile Turret  
  167  11:24  Missile Turret  
  167  11:29  Siege Tank  
  172  11:40  Ghost, Marauder x2  
  172  11:44  Starport, Viking x2  
  180  12:06  Missile Turret  
  180  12:07  Missile Turret  
  180  12:12  SCV  
  180  12:13  SCV x2  
  181  12:16  Liberator x2  
  187  12:23  Starport Reactor  
  187  12:24  SCV  
  187  12:25  SCV x2  
  187  12:27  Planetary Fortress  
  190  12:30  Refinery, Sensor Tower  
  190  12:32  Refinery  
  190  12:38  Missile Turret  
  190  12:39  Command Center  
  190  12:45  Fusion Core  
  190  12:54  Terran Infantry Weapons Level 3  
  190  12:59  Liberator  
  190  13:03  Command Center  
  190  13:04  Terran Ship Weapons Level 2  
  193  13:12  Missile Turret  
  193  13:24  Ghost  
  193  13:26  Supply Depot  
  194  13:35  Liberator  
  194  13:39  Ghost x2  
  180  13:44  Liberator  
  181  13:53  Ghost  
  181  14:02  Liberator x2  
  182  14:03  Orbital Command  
  182  14:09  Terran Infantry Armor Level 3  
  180  14:12  Command Center  
  180  14:16  Command Center  
  180  14:23  Advanced Ballistics  
  180  14:31  Planetary Fortress  
  180  14:42  Liberator  
  180  14:45  Missile Turret x2, Sensor Tower  
  183  14:47  Missile Turret  
  183  14:53  Marauder x2  
  183  14:54  Marauder  
  189  15:01  Armory  
  189  15:15  Command Center  
  189  15:18  Missile Turret, Starport  
  189  15:19  Barracks  
  186  15:22  Barracks  
  186  15:25  Liberator  
  186  15:28  Orbital Command x2  
  189  15:34  Personal Cloaking  
  185  15:50  Terran Vehicle And Ship Armor Level 1  
  179  16:06  Liberator  
  179  16:07  Liberator x2  
  179  16:08  Starport Reactor  
  179  16:09  Ghost x3  
  194  16:12  Barracks Tech Lab  
  194  16:15  Barracks  
  194  16:29  Command Center  
  194  16:32  Barracks Tech Lab  
  189  16:46  Viking x3  
  195  16:52  Refinery  
  195  16:55  Refinery  
  188  17:05  Viking  
  188  17:06  Viking  
  185  17:22  Marauder x2, Marine x4  
  171  17:23  Marauder x3  
  171  17:24  Marine  
  169  17:31  Liberator x3  
  178  17:40  Marine x4  
  178  17:43  Marine x4  
  178  17:44  Marine  
  187  17:46  Barracks Reactor  
  187  18:01  Marauder  
  187  18:02  Marauder x2  
  185  18:15  Ghost x2  
  185  18:16  Marine x3  
  192  18:20  Liberator  
  192  18:21  Liberator  
  195  18:29  Liberator  
  197  18:35  Marine x3  
  197  18:40  Marauder  
  197  18:41  Marauder x2  
  200  19:01  Missile Turret  
  200  19:02  Missile Turret  
  200  19:03  Missile Turret  
  200  19:05  Missile Turret  
  200  19:06  Missile Turret  
  200  19:07  Missile Turret  
  200  19:09  Missile Turret  
  200  19:11  Smart Servos  
  200  19:47  Terran Ship Weapons Level 3, Terran Vehicle And Ship Armor Level 2  
  200  20:00  Planetary Fortress  
  200  20:16  Missile Turret, Hi-Sec Auto Tracking  
  200  20:17  Neosteel Armor, Command Center  
  200  20:18  Missile Turret  
  200  20:19  Missile Turret  
  200  20:20  Missile Turret  
  200  20:21  Missile Turret  
  200  20:28  Command Center  
  200  20:32  Missile Turret x2  
  200  20:35  Missile Turret  
  200  20:39  Missile Turret  
  200  20:40  Missile Turret  
  193  20:51  Sensor Tower  
  193  20:52  Missile Turret  
  193  20:54  Missile Turret  
  193  21:01  Nuke  
  193  21:11  Missile Turret  
  189  21:21  Viking x5  
  189  21:22  Ghost x2, Viking  
  189  21:24  Ghost  
  197  21:37  Starport x2, Orbital Command  
  195  21:48  Missile Turret  
  195  21:50  Planetary Fortress  
  195  21:56  Missile Turret  
  195  21:57  Missile Turret  
  195  21:58  Missile Turret x2  
  195  21:59  Missile Turret x2  
  195  22:01  Nuke  
  195  22:13  Ghost Academy  
  195  22:14  Ghost Academy  
  195  22:16  Planetary Fortress  
  189  22:31  Viking x2  
  189  22:32  Viking x2  
  189  22:34  Viking  
  189  22:35  Viking  
  187  22:43  Ghost  
  187  22:44  Ghost x3  
  184  23:03  Liberator  
  184  23:04  Liberator  
  190  23:11  Starport Reactor x2  
  190  23:12  Refinery  
  190  23:13  Refinery, Command Center  
  167  23:34  Ghost x4  
  167  23:35  Ghost  
  177  23:48  Medivac x2  
  171  23:53  Viking x2  
  173  24:03  Ghost x4  
  181  24:17  Missile Turret  
  181  24:18  Missile Turret  
  181  24:22  Viking  
  181  24:23  Viking x5  
  166  24:25  Viking  
  165  24:55  Sensor Tower, Liberator  
  165  24:57  Command Center  
  165  24:58  Marauder  
  168  25:01  Refinery  
  168  25:02  Marauder x2  
  172  25:19  Liberator  
  175  25:25  Liberator  
  175  25:28  Missile Turret  
  178  25:35  Missile Turret  
  178  25:36  Missile Turret x2  
  178  25:37  Missile Turret  
  178  25:38  Liberator  
  181  25:52  Liberator  
  181  25:55  Marauder x3  
  181  25:56  Marauder x2  
  194  26:17  Missile Turret x2  
  194  26:19  Missile Turret  
  194  26:21  Missile Turret  
  194  26:37  Marauder x3  
  173  27:09  Marauder x4  
  173  27:10  Marauder, Marine x3  
  185  27:19  Liberator  
  185  27:20  Liberator  
  185  27:21  Liberator  
  190  27:38  Liberator x2  
  189  28:00  Marauder x4  
  193  28:20  Sensor Tower  
  193  28:21  Marauder  
  195  28:29  Planetary Fortress  
  194  28:38  Missile Turret  
  194  28:40  Missile Turret  
  194  28:46  Missile Turret  
  194  28:47  Missile Turret  
  194  29:08  Missile Turret  
  194  29:09  Missile Turret  
  194  29:10  Missile Turret  
  175  29:27  Liberator x3  
  175  29:29  Medivac  
  188  29:32  Viking x2  
  188  29:33  Ghost  
  189  29:45  Missile Turret  
  189  29:46  Missile Turret x2  
  189  29:48  Missile Turret x2, Refinery  
  189  29:49  Refinery  
  189  30:10  Nuke  
  186  30:35  Marauder x2  
  187  30:38  Marine  
  185  30:44  Ghost x3  
  185  30:51  Viking  
  185  30:52  Viking x2  
  186  31:03  Liberator  
  172  31:13  Marauder x2  
  176  31:20  Marauder x3, Marine x2  
  176  31:22  Marine  
  185  31:30  Marine x2  
  185  31:34  Marauder  
  185  31:38  Marauder  
  185  31:39  Marine  
  184  31:52  Marine x2  
  174  32:03  Ghost, Marine  
  174  32:04  Marine  
  163  32:11  Marine x3  
  163  32:14  Marine  
  148  32:22  Marine x2  
  144  32:23  Marine  
Show
View Real Time Build Order
Export as new Build Order

Creator Protoss - Winner!

Build Orders: Carriers, Colossus Rush 

Get SALT Encoding   

  12  0:00  Probe  
  13  0:12  Probe  
  14  0:19  Pylon  
  14  0:24  Probe  
  15  0:37  Probe (Chrono Boost)  
  15  0:39  Gateway  
  16  0:48  Assimilator, Probe (Chrono Boost)  
  17  0:53  Probe (Chrono Boost)  
  18  1:03  Probe  
  19  1:16  Probe  
  20  1:27  Cybernetics Core  
  20  1:30  Probe  
  20  1:32  Pylon  
  21  1:45  Nexus  
  21  1:52  Probe  
  22  1:57  Assimilator  
  22  2:01  Stalker (Chrono Boost)  
  22  2:05  Probe  
  25  2:13  Shield Battery  
  25  2:18  Probe  
  25  2:21  Stalker (Chrono Boost)  
  26  2:29  Warp Gate  
  28  2:30  Probe  
  29  2:42  Probe  
  30  2:44  Robotics Facility  
  30  2:57  Adept  
  33  2:58  Probe (Chrono Boost)  
  33  2:59  Probe (Chrono Boost)  
  34  3:11  Probe (Chrono Boost)  
  36  3:13  Probe (Chrono Boost)  
  36  3:16  Probe (Chrono Boost)  
  37  3:20  Gateway, Probe  
  37  3:25  Probe  
  39  3:32  Probe, Observer (Chrono Boost)  
  40  3:38  Robotics Bay, Probe  
  40  3:40  Pylon  
  41  3:44  Probe  
  41  3:47  Warp Prism  
  44  3:57  Probe  
  44  3:58  Probe  
  44  4:09  Probe  
  43  4:10  Pylon, Probe  
  43  4:11  Shield Battery  
  43  4:13  Assimilator  
  43  4:16  Assimilator  
  44  4:18  Stalker x2  
  44  4:21  Probe  
  44  4:22  Probe  
  50  4:27  Colossus (Chrono Boost)  
  56  4:35  Probe x2  
  58  4:42  Observer  
  58  4:43  Gravitic Drive, Pylon  
  58  4:49  Probe x2  
  60  4:55  Pylon  
  60  4:57  Pylon  
  60  4:59  Gateway  
  60  5:02  Twilight Council  
  61  5:09  Colossus (Chrono Boost)  
  65  5:18  Probe x2  
  67  5:23  Zealot  
  67  5:24  Sentry  
  67  5:27  Pylon  
  71  5:38  Probe x2  
  73  5:48  Adept x2  
  77  5:51  Colossus (Chrono Boost)  
  77  5:55  Stalker  
  77  5:56  Pylon  
  85  6:00  Extended Thermal Lance (Chrono Boost)  
  85  6:05  Pylon  
  85  6:20  Nexus  
  85  6:22  Sentry, Stalker  
  85  6:23  Probe x2  
  91  6:25  Pylon  
  91  6:31  Forge  
  87  6:40  Immortal  
  87  6:45  Probe x2  
  93  6:55  Stalker x2  
  93  6:59  Blink (Chrono Boost)  
  93  7:00  Protoss Ground Weapons Level 1 (Chrono Boost)  
  93  7:01  Shield Battery  
  97  7:02  Probe x2  
  97  7:15  Probe x2  
  99  7:21  Gateway  
  99  7:22  Gateway, Observer (Chrono Boost)  
  100  7:24  Gateway  
  100  7:30  Dark Shrine  
  100  7:31  Probe x2  
  100  7:32  Pylon, Probe  
  100  7:36  Sentry, Stalker  
  107  7:37  Zealot  
  107  7:43  Immortal (Chrono Boost)  
  109  7:47  Pylon  
  109  7:49  Probe x3  
  116  8:00  Assimilator  
  116  8:01  Probe x3  
  116  8:02  Assimilator  
  116  8:05  Pylon  
  119  8:08  Stalker x3  
  125  8:19  Pylon  
  125  8:20  Disruptor (Chrono Boost)  
  125  8:21  Pylon, Probe x2  
  125  8:22  Probe  
  125  8:25  Pylon  
  131  8:30  Robotics Facility  
  131  8:32  Pylon  
  131  8:38  Stalker, Zealot  
  131  8:39  Zealot  
  137  8:42  Stalker  
  137  8:46  Charge, Dark Templar  
  137  8:48  Stalker  
  143  8:55  Disruptor (Chrono Boost)  
  143  8:57  Photon Cannon  
  146  9:04  Gateway  
  146  9:05  Gateway  
  146  9:06  Protoss Ground Weapons Level 2 (Chrono Boost)  
  145  9:12  Cybernetics Core  
  145  9:15  Disruptor (Chrono Boost)  
  145  9:23  Shadow Stride  
  146  9:26  Observer (Chrono Boost)  
  146  9:29  Nexus  
  147  9:32  Probe x3  
  147  9:34  Pylon  
  150  9:39  Dark Templar x2  
  154  9:51  Observer  
  154  9:52  Stalker x4  
  160  9:55  Nexus  
  158  10:00  Disruptor (Chrono Boost)  
  159  10:08  Disruptor (Chrono Boost)  
  159  10:09  Probe x3  
  165  10:14  Zealot x2  
  165  10:15  Zealot x4  
  165  10:18  Dark Templar  
  179  10:30  Shield Battery  
  179  10:32  Pylon  
  179  10:36  Gateway  
  179  10:37  Gateway, Disruptor (Chrono Boost)  
  181  10:47  Forge  
  181  11:01  Dark Templar x2  
  181  11:02  Dark Templar  
  181  11:03  Dark Templar  
  189  11:06  Nexus  
  189  11:07  Disruptor (Chrono Boost)  
  192  11:17  Protoss Ground Armor Level 1 (Chrono Boost)  
  193  11:21  Observer (Chrono Boost)  
  193  11:24  Assimilator  
  193  11:25  Assimilator  
  193  11:28  Stalker x2  
  193  11:29  Pylon  
  193  11:33  Protoss Ground Weapons Level 3 (Chrono Boost)  
  193  11:34  Gateway x2  
  193  11:41  Observer  
  194  11:48  Dark Templar  
  196  11:58  Photon Cannon  
  196  12:00  Photon Cannon  
  196  12:01  Photon Cannon  
  196  12:02  Shield Battery  
  196  12:07  Stargate  
  196  12:08  Pylon  
  194  12:17  Gravitic Boosters  
  194  12:20  Observer  
  195  12:22  Photon Cannon  
  195  12:23  Shield Battery  
  195  12:27  Dark Templar x2  
  199  12:32  Protoss Air Weapons Level 1 (Chrono Boost), Assimilator  
  199  12:34  Assimilator  
  199  12:37  Templar Archives  
  199  12:50  Observer  
  200  12:54  Void Ray (Chrono Boost)  
  200  12:56  Fleet Beacon  
  200  12:57  Stargate  
  198  13:00  Stargate  
  200  13:08  Photon Cannon  
  200  13:09  Shield Battery  
  200  13:14  Cybernetics Core  
  200  13:19  Nexus  
  185  13:41  Carrier x2 (Chrono Boost)  
  189  13:56  Carrier (Chrono Boost)  
  183  14:11  Protoss Ground Armor Level 2 (Chrono Boost)  
  183  14:18  Nexus  
  183  14:25  Protoss Shields Level 1 (Chrono Boost), Psionic Storm  
  183  14:26  High Templar x2, Protoss Air Armor Level 1 (Chrono Boost)  
  187  14:35  Pylon  
  187  14:37  Carrier x2 (Chrono Boost), Observer x2  
  188  14:42  Observer  
  198  14:58  Observer  
  198  14:59  Observer  
  197  15:01  Dark Templar  
  197  15:04  Protoss Air Weapons Level 2 (Chrono Boost)  
  199  15:09  Observer  
  198  15:29  Gateway  
  198  15:33  Gateway  
  198  15:36  Gateway  
  198  15:38  Gateway  
  198  15:41  Photon Cannon  
  198  15:42  Shield Battery  
  196  15:53  Photon Cannon  
  196  15:54  Observer  
  196  15:55  Photon Cannon  
  197  15:59  Photon Cannon  
  197  16:00  Shield Battery  
  197  16:01  Carrier (Chrono Boost)  
  199  16:14  Shield Battery  
  199  16:15  Shield Battery  
  199  16:23  Protoss Air Armor Level 2 (Chrono Boost)  
  194  16:50  Dark Templar  
  196  16:59  Carrier (Chrono Boost)  
  196  17:00  Carrier (Chrono Boost)  
  196  17:01  Carrier (Chrono Boost)  
  189  17:38  Dark Templar  
  189  17:39  High Templar x2  
  189  17:42  Stalker x3  
  198  17:48  Carrier  
  196  17:54  Stalker x2  
  194  18:20  Stalker  
  183  18:27  Protoss Shields Level 2 (Chrono Boost)  
  183  18:33  Stalker x3, Dark Templar x2  
  193  18:36  Observer  
  193  18:37  Observer  
  193  18:41  Disruptor  
  193  18:42  Protoss Ground Armor Level 3 (Chrono Boost)  
  193  18:46  Assimilator  
  193  18:48  Assimilator  
  196  18:53  Dark Templar x2  
  200  18:59  Protoss Air Weapons Level 3 (Chrono Boost)  
  200  19:00  Protoss Air Armor Level 3 (Chrono Boost), Nexus  
  200  19:03  Pylon  
  200  19:07  Assimilator  
  200  19:09  Gateway  
  200  19:12  Assimilator  
  196  19:37  Observer  
  196  19:38  Dark Templar x2  
  200  19:51  Gateway  
  200  19:54  Gateway  
  198  20:17  Observer  
  198  20:18  High Templar  
  200  20:27  Gateway  
  199  20:33  Photon Cannon  
  199  20:34  Probe x2  
  199  20:35  Photon Cannon  
  200  20:36  Shield Battery  
  200  20:38  Shield Battery  
  200  20:40  Shield Battery  
  200  20:41  Pylon  
  193  21:00  High Templar  
  193  21:01  High Templar  
  193  21:03  Probe x3  
  200  21:13  Archon  
  189  21:19  Protoss Shields Level 3 (Chrono Boost)  
  189  21:24  Observer  
  185  21:37  Gateway  
  185  21:38  Gateway  
  185  21:44  Nexus  
  180  21:47  Stargate  
  180  21:49  Stargate  
  180  21:55  Pylon  
  180  21:56  Dark Templar x6  
  188  22:43  Dark Templar x4  
  186  22:44  Disruptor (Chrono Boost)  
  186  22:46  Sentry, Stalker  
  186  22:49  Dark Templar x2  
  197  22:54  Stalker, Dark Templar  
  193  23:04  Dark Templar x4  
  193  23:05  Probe x2  
  193  23:06  Probe  
  178  23:14  Stalker x4  
  178  23:17  Archon  
  180  23:31  Unknown  
  178  23:53  Disruptor  
  175  23:57  Dark Templar x2  
  175  23:58  Stalker x4  
  175  24:00  Archon  
  187  24:15  Carrier (Chrono Boost)  
  173  24:34  Archon  
  173  24:41  Probe x2  
  173  24:42  Probe x2  
  171  24:47  Sentry, Carrier x2 (Chrono Boost), Stalker x2  
  171  24:48  Dark Templar x3  
  171  24:51  Shield Battery  
  195  24:55  Archon x2  
  195  24:59  Assimilator  
  195  25:00  Photon Cannon, Assimilator  
  195  25:02  Photon Cannon, High Templar x2  
  195  25:03  Photon Cannon  
  195  25:04  Photon Cannon, Shield Battery  
  195  25:05  Photon Cannon, Shield Battery  
  199  25:08  Pylon  
  199  25:09  Observer  
  199  25:12  Photon Cannon  
  199  25:49  Observer  
  200  26:03  Nexus  
  200  26:06  Pylon  
  200  26:07  Observer  
  198  26:42  Photon Cannon  
  198  26:44  Photon Cannon  
  198  26:46  Photon Cannon  
  198  26:48  Shield Battery  
  198  26:49  Shield Battery  
  198  26:50  Observer  
  194  27:13  Dark Templar x3  
  193  27:48  Observer  
  193  27:49  Dark Templar x2  
  192  27:56  High Templar  
  189  28:04  Archon  
  185  28:05  Stalker x3  
  185  28:06  High Templar x2  
  191  28:24  Assimilator x2  
  191  28:36  Dark Templar x4  
  199  28:45  Observer (Chrono Boost)  
  200  28:50  Pylon  
  193  29:07  Tempest x2 (Chrono Boost)  
  193  29:08  Oracle (Chrono Boost)  
  162  29:24  Tempest x2 (Chrono Boost)  
  172  29:39  Probe  
  172  29:40  Tempest (Chrono Boost), Probe  
  172  29:43  Tempest x2 (Chrono Boost)  
  172  29:44  Sentry  
  172  29:45  Stalker  
  193  29:53  High Templar  
  195  30:00  Tempest  
  197  30:08  Stalker  
  198  30:40  High Templar  
  165  31:06  Void Ray x2 (Chrono Boost)  
  165  31:08  Tempest (Chrono Boost)  
  165  31:09  Tempest x2 (Chrono Boost)  
  165  31:10  Dark Templar x2  
  169  31:14  High Templar x2  
  169  31:18  Stalker x2, Dark Templar  
  193  31:31  Disruptor  
  196  31:36  High Templar  
  196  31:37  High Templar  
  196  31:39  Oracle  
  200  31:51  Dark Templar  
  192  32:06  Nexus  
  183  32:09  Dark Templar x2  
  183  32:10  Zealot x3, Dark Templar x3  
  183  32:11  Zealot  
  183  32:14  High Templar  
  175  32:37  Stalker x4  
  175  32:38  Stalker x2  
  175  32:40  Archon  

Tags
 
Add a new tag
Caveats
  • Supply blocks, unpowered buildings, or Contaminate may cause inaccurate times.
  • Supply counts are checked every 10 seconds.